 Dungeon Crawl Stone Soup version 0.30-a0-930-gb9d0489357 (webtiles) character file.

Game seed: 11108975548325694784

60 lunkers the Slasher (level 4, -1/36 HPs)
             Began as a Meteoran Reaver on Mar 23, 2023.
             Was an Initiate of Nemelex Xobeh.
             Slain by a scorpion (3 damage)
             ... on level 4 of the Dungeon.
             The game lasted 00:04:24 (1146 turns).

lunkers the Slasher (Meteoran Reaver)               Turns: 1146, Time: 00:04:25

Health: -1/36      AC:  3    Str: 15    XL:     4   Next: 48%
Magic:  9/9        EV: 12    Int: 14    God:    Nemelex Xobeh [......]
Gold:   145        SH:  0    Dex: 13    Spells: 7/8 levels left

rFire   . . .      SeeInvis .    a - +0 falchion
rCold   . . .      Faith    .    (no shield)
rNeg    . . .      Spirit   .    b - +0 leather armour
rPois   .          Reflect  .    (no helmet)
rElec   .          Rampage  .    (no cloak)
rCorr   .                        (no gloves)
Will    .....                    (no boots)
Stlth   +                        h - amulet of regeneration
HPRegen 1.06/turn                (no ring)
MPRegen 0.11/turn                (no ring)

@: lethally poisoned (-1 -> -6), glowing
A: sense surroundings 1, otherworldly, glowing, explore regen
a: Renounce Religion, Draw Escape, Draw Destruction, Draw Summoning


You were on level 4 of the Dungeon.
You worshipped Nemelex Xobeh.
Nemelex Xobeh was noncommittal.
You visited 1 branch of the dungeon, and saw 4 of its levels.

You collected 145 gold pieces.

Inventory:

Hand Weapons
 a - a +0 falchion (weapon)
Armour
 b - a +0 leather armour (worn)
Jewellery
 h - an amulet of regeneration (around neck)
Wands
 k - a wand of charming (13)
 o - a wand of mindburst (8)
Scrolls
 c - a scroll of immolation {unknown}
 e - a scroll of brand weapon {unknown}
 f - 2 scrolls of fog {unknown}
 i - a scroll of butterflies {unknown}
 j - 2 scrolls of identify {unknown}
 l - a scroll of teleportation {unknown}
 p - a scroll of enchant weapon {unknown}
 q - a scroll of amnesia {unknown}
Potions
 d - 2 potions of mutation {unknown}
 g - a potion of heal wounds {unknown}
 m - 3 potions of invisibility {unknown}
 n - 2 potions of curing {unknown}


   Skills:
 - Level 2.1 Fighting
 + Level 5.8 Long Blades
 - Level 2.4 Dodging
 - Level 2.6 Spellcasting
 - Level 3.6 Conjurations


You had 7 spell levels left.
You knew the following spells:

 Your Spells              Type           Power      Damage    Failure   Level
p - Kiss of Death         Conj/Necr      24%        2d7       13%         1

Your spell library contained the following spells:

 Spells                   Type           Power      Damage    Failure   Level
 Momentum Strike          Conj/Tloc      12%        3d8       21%         2
 Static Discharge         Conj/Air       12%        2-3/arc   21%         2
 Sandblast                Erth           2%         2d4       26%         1
 Hailstorm                Conj/Ice       6%         3d4       36%         3
 Stone Arrow              Conj/Erth      12%        3d7       36%         3
 Passwall                 Tmut/Erth      0%         N/A       38%         2
 Vhi's Electric Charge    Tloc/Air       2%         N/A       63%         3
 Ice Form                 Ice/Tmut       1%         N/A       95%         4
 Arcjolt                  Conj/Air       3%         1d13      98%         5
 Plasma Beam              Fire/Air       0%         2x1d11    100%        5
 Simulacrum               Ice/Necr       0%         N/A       100%        6


Dungeon Overview and Level Annotations

Branches:
Dungeon (4/15) Zot: 1245
 Temple: D:4-7

Altars:
Elyvilon
Hepliaklqana
Nemelex Xobeh
Vehumet
Wu Jian
Zin

Shops:
D:3 ?

Annotations:
D:3 exclusion: statue


Innate Abilities, Weirdness & Mutations

You passively map a small area around you.
You are easily found by Zot.
You glow in the dark.
You regain HP and MP as you explore.


Message History

You hit the scorpion but do no damage.
The scorpion is severely wounded.
You feel very sick.
The scorpion stings you but does no damage.
You hit the scorpion.
The scorpion is severely wounded.
You feel sick. The scorpion stings you.
* * * LOW HITPOINT WARNING * * *
The scorpion stings you.
* * * LOW HITPOINT WARNING * * *
You are more poisoned.
The scorpion poisons you!
You hit the scorpion.
The scorpion is almost dead.
You feel very sick. The scorpion closely misses you.
Unknown command.
You hit the scorpion but do no damage.
The scorpion is almost dead.
You feel very sick. The scorpion closely misses you.
Unknown command.
You barely miss the scorpion.
The scorpion is almost dead.
You feel very sick.
The scorpion stings you but does no damage.
Unknown command.
You hit the scorpion but do no damage.
The scorpion is almost dead.
You feel sick. The scorpion stings you.
* * * LOW HITPOINT WARNING * * *
You are lethally poisoned!
The scorpion poisons you!
You closely miss the scorpion.
The scorpion is almost dead.
* * * LOW HITPOINT WARNING * * *
You feel very sick. The scorpion closely misses you. The scorpion stings you.
You die...
Your body disappears without additional glow.

#..# * #..# #..# ,
#..# ,
#########..# ,
#......##..# ,
#......##..# , ,
##......##..# *
#.......@sS.#
#.###.......##.##
#.#.........##.#
#.#.#..#######.# *
#.#.#..# ...,
#.#.#..#####..## ,
#............#*
#####.#.#..#######
* ........#..#


You could see a scorpion and a ball python.

Vanquished Creatures
  3 worms
  2 orcs (D:4)
  A bat (D:1)
  2 endoplasms
  A giant cockroach (D:2)
  5 goblins
  6 hobgoblins
  8 jackals
  5 quokkas
  4 ball pythons
  3 frilled lizards
  A rat (D:1)
41 creatures vanquished.

Notes
Turn   | Place    | Note
-------+----------+-------------------------------------------
     0 | D:1      | lunkers the Meteoran Reaver began the quest for the Orb.
     0 | D:1      | Reached XP level 1. HP: 17/17 MP: 5/5
    48 | D:1      | Reached skill level 4 in Long Blades
    49 | D:1      | Reached XP level 2. HP: 15/24 MP: 6/6
   175 | D:1      | Reached XP level 3. HP: 29/29 MP: 8/8
   405 | D:2      | Reached skill level 5 in Long Blades
   578 | D:3      | Found an ornate altar of the Wu Jian Council.
   664 | D:3      | Reached XP level 4. HP: 35/36 MP: 9/9
   669 | D:3      | Found Vesabb's Magic Scroll Emporium.
   926 | D:3      | Found a radiant altar of Vehumet.
   926 | D:3      | Noticed a charred statue
   933 | D:3      | Found a glowing silver altar of Zin.
   933 | D:3      | Found a sparkling altar of Nemelex Xobeh.
   935 | D:3      | Found a white marble altar of Elyvilon.
   943 | D:3      | Became a worshipper of Nemelex Xobeh the Trickster
  1008 | D:4      | Found a hazy altar of Hepliaklqana.
  1128 | D:4      | Noticed a scorpion
  1146 | D:4      | Slain by a scorpion

Illustrated notes

Levels and vault maps discovered:
D:1:      grunt_arrival_crossed_arrows, layout_basic
D:2:      layout_rooms, basic_altar
D:3:      layout_basic, lemuel_tele_altar, vehumet_statue,
          gammafunk_temple_overflow_forgotten, serial_shops,
          nicolae_shop_temple_entry_statues_fountains
D:4:      kennysheep_goblin_castle, layout_basic,
          mainiacjoe_overflow_cross_hatched

Skill      XL: |  1  2  3 |
---------------+----------+-----
Long Blades    | 4 5 |  5.8
Fighting       | |  2.1
Dodging        | |  2.4
Spellcasting   | |  2.6
Conjurations   | |  3.6

Action                     |  1- 3 |  4- 6 || total
---------------------------+-------+-------++-------
  Melee: Falchion          |   116 |    60 ||   176
         Punch             |     2 |     1 ||     3
 Armour: Leather armour    |    21 |    24 ||    45
  Dodge: Dodged            |    54 |    37 ||    91

Table legend: (Time is in decaauts)
 A = Elapsed time spent in this place.
 B = Non-inter-level travel time spent in this place.
 C = Inter-level travel time spent in this place.
 D = Time resting spent in this place.
 E = Time spent auto-exploring this place.
 F = Levels seen in this place.
 G = Mean time per level.
                   A        B        C        D        E       F      G
               +--------+--------+--------+--------+--------+-----+--------+
         Total |   1153 |   1106 |     47 |      0 |    642 |   4 |  288.2 |
       Dungeon |   1153 |   1106 |     47 |      0 |    642 |   4 |  288.2 |
               +--------+--------+--------+--------+--------+-----+--------+

Top non-repeatable levels by time:
     D:3: 534 daAuts
     D:1: 266 daAuts
     D:2: 179 daAuts
     D:4: 173 daAuts
